 Dungeon Crawl Stone Soup version 0.27.1-4-g1640c2035a (webtiles) character file.

Game seed: 8425345952372071012

178 zeram the Covert (level 5, -3/34 HPs)
             Began as an Octopode Brigand on Nov 12, 2021.
             Killed from afar by an orc (17 damage)
             ... with a bolt of acid
             ... on level 3 of the Dungeon.
             The game lasted 00:05:06 (2912 turns).

zeram the Covert (Octopode Brigand)                 Turns: 2912, Time: 00:05:11

Health: -3/34      AC:  1    Str: 10    XL:     5   Next: 58%
Magic:  5/5        EV: 12    Int: 15    God:
Gold:   142        SH:  0    Dex: 13    Spells: 4/4 levels left

rFire    . . .     SeeInvis .   h - +1 dagger (venom)
rCold    . . .     Faith    .   (no shield)
rNeg     . . .     Spirit   .   (helmet restricted)
rPois    .         Reflect  .   (no amulet)
rElec    .         Harm     .   (no ring)
rCorr    .         Rampage  .   (no ring)
Will     .....                  (no ring)
Stlth    +++++.....             (no ring)
HPRegen  0.11/turn              (no ring)
MPRegen  0.09/turn              (no ring)
                                (no ring)
                                (no ring)

@: no status effects
A: almost no armour, amphibious, 8 rings, camouflage 1, gelatinous body 1,
(nimble swimmer 1), tentacles
a: no special abilities


You were on level 3 of the Dungeon.
You visited 1 branch of the dungeon, and saw 3 of its levels.

You collected 142 gold pieces.

Inventory:

Hand Weapons
 a - a +2 dagger
 h - a +1 dagger of venom (weapon)
Missiles
 b - 16 poisoned darts (quivered)
 c - 2 curare-tipped darts
Jewellery
 o - an amulet of faith
Wands
 e - a wand of mindburst (11)
 i - a wand of iceblast (6)
Scrolls
 j - 2 scrolls of enchant armour
Potions
 d - 2 potions of haste
 f - a potion of degeneration {unknown}
 g - a potion of attraction {unknown}
 k - a potion of brilliance {unknown}


   Skills:
 - Level 2.0 Fighting
 - Level 2.0 Short Blades
 - Level 2.0 Throwing
 - Level 1.0 Dodging
 + Level 9.3 Stealth


You had 4 spell levels left.
You didn't know any spells.
Your spell library contained the following spells:

 Spells                   Type           Power      Damage    Failure   Level
 Dazzling Flash           Conj/Hex       0%         N/A       63%         3
 Inner Flame              Hex/Fire       0%         N/A       63%         3
 Cause Fear               Hex            0%         N/A       95%         4
 Agony                    Necr           0%         N/A       100%        5
 Silence                  Hex/Air        0%         N/A       100%        5
 Discord                  Hex            0%         N/A       100%        8


Dungeon Overview and Level Annotations

Branches:
Dungeon (3/15)

Altars:

Annotations:
D:2 Sigmund
D:3 2 runed translucent doors


Innate Abilities, Weirdness & Mutations

You cannot wear most types of armour.
You are amphibious.
You can wear up to eight rings at the same time.
Your skin changes colour to match your surroundings (Stealth+).
Your rubbery body absorbs attacks. (AC +1, EV +1)
((You are camouflaged near water. (Stealth+)))
You have tentacles for arms and can constrict up to eight enemies at once.


Message History

An orc priest comes into view.
It is wielding a +0 war axe and wearing a +0 ring mail of willpower.
An orc priest is nearby!
An orc priest is nearby!
An orc priest is nearby!
An orc priest is nearby!
An orc wizard comes into view. It is wielding a +0 dagger.
You closely miss the orc wizard.
The orc wizard shouts!
The orc priest shouts!
Your grab misses the orc wizard.
You hear a shout!
You hit the orc wizard but do no damage.
You grab the orc wizard. You constrict the orc wizard.
The orc wizard hits you with a +0 dagger.
The orc priest invokes the aid of Beogh against you.
Pain shoots through your body!
You release your grip on the orc wizard.
The orc wizard hits you but does no damage.
The orc priest closely misses you.
You hit the orc priest but do no damage.
The orc priest is poisoned.
You grab the orc priest. You constrict the orc priest.
The orc wizard barely misses you. The orc priest closely misses you.
You hit the orc priest but do no damage.
The orc priest is moderately wounded.
You constrict the orc priest, but do no damage.
The orc wizard casts a spell at you. The magic dart hits you.
The orc priest misses you.
You hit the orc priest but do no damage.
The orc priest looks as sick as possible!
The orc priest is moderately wounded.
You constrict the orc priest, but do no damage.
The orc wizard gestures at you while chanting.
The magic dart hits you! The orc priest misses you.
You hit the orc priest.
The orc priest looks as sick as possible!
The orc priest is heavily wounded.
You constrict the orc priest, but do no damage.
The orc zaps a wand.
The bolt of acid hits you!
Ouch! That really hurt!
You die...

#.#####.......# #.# #.......#
##.# .........# #..# .#####.##.#
####### #.## #.##.# ##.....####
#.# #.##.###.......... ##.###.#
#. #o##.....#.### # #>.....#
#.##.#o.......########
#..#########...o@................
..[# ........#.......#######.)
...# # #######.##......# #...
...##.# #.###)...... ##..
....#.#########.######++### #..
............).....#≈.≈...≈# #.#
....##.#####.##.####..#.⌠≈≈ ##.#
....# # ##.#.#...##....§#≈ #.).
..<.# ##.###..### #..#


You could see an orc priest (extremely poisoned), an orc wizard and an orc.

Vanquished Creatures
  A bullfrog skeleton (D:3)
  Jessica (D:3)
  An adder (D:2)
  4 gnolls (D:2)
  A worm (D:3)
  2 orcs (D:3)
  9 ball pythons
  7 endoplasms
  A giant cockroach (D:1)
  6 goblins
  8 hobgoblins
  9 kobolds
  A quokka (D:1)
  6 bats
  3 frilled lizards (D:1)
  10 rats
70 creatures vanquished.

Notes
Turn   | Place    | Note
-------+----------+-------------------------------------------
     0 | D:1      | zeram the Octopode Brigand began the quest for the Orb.
     0 | D:1      | Reached XP level 1. HP: 14/14 MP: 1/1
   255 | D:1      | Reached XP level 2. HP: 19/19 MP: 2/2
   259 | D:1      | Reached skill level 6 in Stealth
   494 | D:1      | Found a faded altar of an unknown god.
   679 | D:1      | Reached XP level 3. HP: 24/24 MP: 3/3
   939 | D:2      | Reached skill level 7 in Stealth
   946 | D:2      | Reached XP level 4. HP: 29/29 MP: 4/4
  1090 | D:2      | Reached skill level 8 in Stealth
  1284 | D:2      | Noticed Sigmund
  2405 | D:3      | Found a large runed translucent door.
  2407 | D:3      | Found a large runed translucent door.
  2417 | D:3      | Noticed Jessica
  2424 | D:3      | Killed Jessica
  2425 | D:3      | Reached XP level 5. HP: 34/34 MP: 5/5
  2526 | D:3      | Reached skill level 9 in Stealth
  2912 | D:3      | Killed from afar by an orc

Illustrated notes

Levels and vault maps discovered:
D:1:      lemuel_arrival_broad_hall, layout_loops_corners,
          ebering_ecumenical_altar_mist, minmay_close_crescents
D:2:      layout_loops_ring, uniq_sigmund
D:3:      layout_loops_ring, ebering_ghost_disaster_area, minmay_ogre_servants,
          uniq_jessica

Skill      XL: |  1  2  3  4  5 |
---------------+----------------+-----
Stealth        | 6 7 8 9 |  9.3
Fighting       | |  2.0
Short Blades   | |  2.0
Throwing       | |  2.0
Dodging        | |  1.0

Action                   |  1- 3 |  4- 6 || total
-------------------------+-------+-------++-------
Melee: Dagger            |    41 |    85 ||   126
       Tentacles         |     4 |    14 ||    18
       Constrict         |     5 |    18 ||    23
  Use: Scroll            |     2 |     4 ||     6
 Stab: Sleeping          |    19 |    11 ||    30
Armor: Skin              |     3 |     3 ||     6
Dodge: Dodged            |    14 |    38 ||    52
